 Dungeon Crawl Stone Soup version 0.22-a0-161-g198051c (webtiles) character file.

2443 vishdafish the Fortune-Teller (level 9, -8/66 HPs)
             Began as a Demonspawn Skald on Feb 11, 2018.
             Was a Believer of Nemelex Xobeh.
             Mangled by a two-headed ogre
             ... wielding a +0 giant spiked club
              (25 damage)
             ... on level 9 of the Dungeon.
             The game lasted 00:26:01 (10323 turns).

vishdafish the Fortune-Teller (Demonspawn Skald)   Turns: 10323, Time: 00:26:03

Health: -8/66      AC:  7    Str: 11    XL:     9   Next: 25%
Magic:  0/24       EV: 14    Int: 22    God:    Nemelex Xobeh [**....]
Gold:   384        SH:  0    Dex: 14    Spells: 10/15 levels left

rFire    . . .     SeeInvis .   a - +0 falchion
rCold    + . .     Gourm    +   A - +2 buckler
rNeg     . . .     Faith    .   s - +0 steam dragon scales
rPois    .         Spirit   +   (no helmet)
rElec    .         Reflect  .   n - +0 cloak
rCorr    .         Harm     .   (no gloves)
MR       .....                  (no boots)
Stlth    ..........             u - amulet of the gourmand
HPRegen  0.21/turn              i - +5 ring of intelligence
MPRegen  0.38/turn              w - ring of magical power

@: confused, lethally poisoned (-8 -> -10)
A: hooves 2, rugged brown scales 1, cold resistance 1, magic shield, magic
regeneration
a: Renounce Religion


You were on level 9 of the Dungeon.
You worshipped Nemelex Xobeh.
Nemelex Xobeh was pleased with you.
You were not hungry.

You visited 2 branches of the dungeon, and saw 8 of its levels.

You collected 384 gold pieces.

Inventory:

Hand Weapons
 a - a +0 falchion (weapon)
Missiles
 x - a throwing net (quivered)
Armour
 b - a +0 leather armour
 j - a +0 scale mail of cold resistance
 k - a +0 robe of magic resistance
 n - a +0 cloak (worn)
 s - +0 steam dragon scales (worn)
 t - a +1 robe of fire resistance
 A - a +2 buckler (worn)
Jewellery
 i - a +5 ring of intelligence (left hand)
 u - an amulet of the gourmand (around neck)
 w - a ring of magical power (right hand)
Scrolls
 f - a scroll of noise {unknown}
 h - 4 scrolls of remove curse
 l - a scroll of fog
 p - a scroll of holy word {unknown}
 q - 3 scrolls of teleportation {unknown}
 r - 2 scrolls of blinking {unknown}
 z - a scroll of enchant armour {unknown}
 B - a scroll of magic mapping {unknown}
 E - a scroll of enchant weapon {unknown}
 F - a scroll of immolation {unknown}
 H - a scroll of identify
Potions
 e - a potion of degeneration
 g - 2 potions of brilliance
 m - 3 potions of flight
 o - 2 potions of agility
Books
 c - a book of Battle

   Spells                             Type                      Level
   a - Infusion                       Charms                       1
   b - Shroud of Golubria             Charms/Translocation         2
   c - Song of Slaying                Charms                       2
   d - Spectral Weapon                Hexes/Charms                 3
   e - Regeneration                   Charms/Necromancy            3
 D - a Young Poisoner's Handbook

   Spells                             Type                      Level
   a - Sting                          Conjuration/Poison           1
   b - Poisonous Vapours              Poison/Air                   2
   c - Mephitic Cloud                 Conjuration/Poison/Air       3
   d - Olgreb's Toxic Radiance        Poison                       4
   e - Venom Bolt                     Conjuration/Poison           5
 G - a book of Callings

   Spells                             Type                      Level
   a - Summon Small Mammal            Summoning                    1
   b - Call Imp                       Summoning                    2
   c - Call Canine Familiar           Summoning                    3
   d - Summon Guardian Golem          Hexes/Summoning              3
   e - Summon Lightning Spire         Summoning/Air                4
   f - Summon Ice Beast               Ice/Summoning                4
Miscellaneous
 v - a plain deck of escape {drawn: 5}
Comestibles
 d - 14 rations


   Skills:
 - Level 4.0 Fighting
 + Level 5.4 Long Blades
 - Level 2.2 Armour
 + Level 3.8 Dodging
 - Level 4.0 Shields
 + Level 3.9 Spellcasting
 - Level 4.1 Charms
 * Level 8.4 Invocations


You had 10 spell levels left.
You knew the following spells:

 Your Spells              Type           Power        Failure   Level  Hunger
a - Infusion              Chrm           ###.         1%          1    None
b - Song of Slaying       Chrm           ###.....     3%          2    #......
c - Shroud of Golubria    Chrm/Tloc      ##........   8%          2    #......


Dungeon Overview and Level Annotations

Branches:
Dungeon (6/15)             Temple (1/1) D:4

Altars:
Dithmenos
Nemelex Xobeh
Trog
Uskayaw
Xom
Zin
The Shining One

Shops:
D:6 :


Innate Abilities, Weirdness & Mutations

You have hoof-like feet.
You are partially covered in rugged brown scales. (AC +1, +3% HP)
Your flesh is cold resistant. (rC+)
When hurt, damage is shared between your health and your magic reserves.
You regenerate magic rapidly.


Message History

The two-headed ogre hits you with a giant spiked club!!
The two-headed ogre hits you with a giant club!
* * * LOW HITPOINT WARNING * * *
The killer bee stings you but does no damage.
Something hits you.
* * * LOW HITPOINT WARNING * * *
Something barely misses you.
The killer bee is engulfed in poison gas.
The killer bee is poisoned.
The killer bee stings you but does no damage.
Evoke which item? (* to show all) (? for menu, Esc to quit)
You draw a card...
It is the Shaft.
A shaft materialises beneath you!
The killer bee is engulfed in poison gas.
The killer bee looks even sicker.
The killer bee stings you but does no damage.
The killer bee is engulfed in poison gas.
The killer bee looks even sicker.
The killer bee completely misses you.
The two-headed ogre hits you with a giant spiked club!!
You die...
Your body disappears without a glow.

### #..> ###.# ##... ##
##...###...# ...
#....##..... ....
##.......... ..§#######
#..##..###.. ## #§.#.##.#
#.####.# #. #..##§.§##.#
##.# #.## # ##..#.§§5{@.#
#..# #..####
.......#§Oy.###.####.....#.
.......#.o§....#...........
#....§.##..####..####.... #
###..§§...## #..##...... #.
#.......# ##......... #.
###.##....# #.........
#.##..####...# #....##....
#.....# ##..####(.........


You could see a two-headed ogre, a killer bee, a quasit and an orc.

Vanquished Creatures
  The ghost of PeterLawrence the Basher, a novice MiFi of Okawaru (D:6)
  Sigmund (D:2)
  A porcupine (D:9)
  An ogre (D:9)
  2 bullfrogs
  2 howler monkeys
  A crimson imp (D:9)
  2 jellies (D:6)
  A centaur skeleton (D:5)
  4 hounds
  10 orc wizards
  A bullfrog skeleton (D:5)
  Jessica (D:3)
  Natasha (thrice) (D:3)
  2 worker ants
  A killer bee zombie (D:3)
  A worker ant zombie (D:5)
  10 adders
  14 gnolls
  3 oozes
  A worm (D:3)
  3 dart slugs
  5 leopard geckos
  24 orcs
  8 giant cockroaches
  8 goblins
  11 hobgoblins
  3 jackals (D:5)
  A quokka (D:3)
  6 bats
  7 frilled lizards
  19 kobolds
  2 quokka skeletons (D:4)
  9 rats
  A fungus (D:6)
  2 plants (D:2)
172 creatures vanquished.

Vanquished Creatures (collateral kills)
  An orc warrior (D:6)
  A scorpion (D:6)
  2 orc wizards (D:6)
  An orc (D:6)
5 creatures vanquished.

Vanquished Creatures (others)
  A killer bee (D:6)
  2 iguanas (D:6)
  2 worker ants (D:6)
  A river rat (D:6)
  A bat (D:6)
  A bush (D:2)
  2 fungi (D:6)
  A plant (D:2)
11 creatures vanquished.

Grand Total: 188 creatures vanquished

Notes
Turn   | Place    | Note
-------+----------+-------------------------------------------
     0 | D:1      | vishdafish the Demonspawn Skald began the quest for the Orb.
     0 | D:1      | Reached XP level 1. HP: 16/16 MP: 3/3
    15 | D:1      | Reached skill level 1 in Armour
    55 | D:1      | Gained mutation: You are partially covered in rugged brown scales. (AC +1, +3% HP) [demonic ancestry]
    55 | D:1      | Reached XP level 2. HP: 16/22 MP: 5/5
   854 | D:2      | Reached XP level 3. HP: 22/27 MP: 0/6
  1062 | D:2      | Noticed Sigmund
  1078 | D:2      | Killed Sigmund
  1078 | D:2      | Reached XP level 4. HP: 5/33 MP: 0/7
  1078 | D:2      | Gained mutation: You have large cloven feet. [demonic ancestry]
  1078 | D:2      | Reached XP level 5. HP: 6/39 MP: 0/8
  2583 | D:3      | Learned a level 2 spell: Song of Slaying
  2613 | D:3      | Noticed Natasha
  2623 | D:3      | Killed Natasha
  2623 | D:3      | Gained mutation: When hurt, damage is shared between your health and your magic reserves. [demonic ancestry]
  2623 | D:3      | Reached XP level 6. HP: 45/45 MP: 9/9
  2826 | D:3      | Reached skill level 1 in Shields
  2977 | D:3      | Noticed Jessica
  2986 | D:3      | Killed Jessica
  3245 | D:3      | Noticed Natasha
  3742 | D:3      | Killed Natasha
  3903 | D:3      | Noticed Natasha
  3911 | D:3      | Killed Natasha
  3940 | D:4      | Found a staircase to the Ecumenical Temple.
  3945 | Temple   | Entered the Ecumenical Temple
  3950 | Temple   | Became a worshipper of Nemelex Xobeh the Trickster
  3967 | D:4      | Received a gift from Nemelex Xobeh
  4422 | D:4      | Reached * piety under Nemelex Xobeh
  4700 | D:4      | Reached skill level 1 in Invocations
  4719 | D:4      | Found a glowing silver altar of Zin.
  4726 | D:4      | Gained mutation: You regenerate magic rapidly. [demonic ancestry]
  4726 | D:4      | Reached XP level 7. HP: 43/52 MP: 5/10
  4943 | D:4      | Received a gift from Nemelex Xobeh
  5013 | D:5      | Entered Level 5 of the Dungeon
  5200 | D:4      | Reached skill level 2 in Invocations
  6033 | D:5      | Reached skill level 3 in Invocations
  6505 | D:5      | Reached skill level 4 in Invocations
  7071 | D:4      | Learned a level 2 spell: Shroud of Golubria
  7274 | D:5      | Gained mutation: Your flesh is cold resistant. (rC+) [demonic ancestry]
  7274 | D:5      | Reached XP level 8. HP: 20/59 MP: 5/12
  7279 | D:5      | HP: 1/59 [gnoll/stone (2)]
  7799 | D:6      | Noticed PeterLawrence's ghost (novice MiFi)
  7946 | D:5      | HP: 4/88 [bullfrog (4)]
  7950 | D:5      | Reached skill level 5 in Invocations
  8616 | D:6      | Killed PeterLawrence's ghost
  8616 | D:6      | Reached skill level 6 in Invocations
  8934 | D:6      | Reached ** piety under Nemelex Xobeh
  8975 | D:6      | Reached skill level 7 in Invocations
  9159 | D:6      | Reached skill level 5 in Long Blades
  9341 | D:6      | Found Qaokkini's Book Emporium.
  9548 | D:6      | Noticed a slime creature
  9549 | D:6      | Noticed a glowing shapeshifter
  9549 | D:6      | a slime creature changed into a glowing shapeshifter
  9550 | D:6      | a glowing shapeshifter changed into a tarantella
  9551 | D:6      | Gained mutation: You have hoof-like feet. [demonic ancestry]
  9551 | D:6      | Reached XP level 9. HP: 66/66 MP: 14/14
  9552 | D:6      | Noticed a faun
  9552 | D:6      | a dream sheep changed into a faun
  9554 | D:6      | Reached skill level 8 in Invocations
  9555 | D:6      | Noticed an eye of devastation
  9555 | D:6      | a faun changed into an eye of devastation
  9558 | D:6      | Noticed a cyclops
  9558 | D:6      | an eye of devastation changed into a cyclops
  9633 | D:6      | Noticed a satyr
  9635 | D:6      | Noticed a wolf spider
  9635 | D:6      | a satyr changed into a wolf spider
  9642 | D:6      | Noticed a water nymph
  9642 | D:6      | a wolf spider changed into a water nymph
  9646 | D:6      | Noticed a manticore
  9786 | D:6      | Noticed a water nymph
  9786 | D:6      | a manticore changed into a water nymph
  9789 | D:6      | Noticed a sea snake
  9789 | D:6      | a water nymph changed into a sea snake
  9793 | D:6      | Noticed an elephant
  9793 | D:6      | a sea snake changed into an elephant
  9794 | D:6      | Noticed a guardian serpent
  9794 | D:6      | an elephant changed into a guardian serpent
  9795 | D:6      | Noticed a cyclops
  9795 | D:6      | a guardian serpent changed into a cyclops
  9799 | D:6      | a cyclops changed into a floating eye
  9801 | D:6      | Noticed a manticore
  9801 | D:6      | a floating eye changed into a manticore
  9804 | D:6      | You fall through a shaft for 3 floors!
 10288 | D:9      | Noticed a two-headed ogre
 10323 | D:9      | Mangled by a two-headed ogre

Vault maps used:
D:1:      minmay_arrival_cross, st_stairs_1
D:2:      hangedman_abyss_or_decor_stabs, lexackson_kobold_supper,
          uniq_crazy_yiuf_cottage, uniq_sigmund
D:3:      serial_bayou_pond_b, uniq_jessica, uniq_natasha
D:4:      zin_academy, temple_doors_e, first_ration
D:5:      corexii_shantytown, minmay_a_box_with_orc_wizards_in_it
D:6:      lemuel_slime, serial_shops, shop
D:9:      due_lair_maze_entry_diamond
Temple:   nicolae_temple_the_god_donut

Skill      XL: |  1  2  3  4  5  6  7  8  9 |
---------------+----------------------------+-----
Armour         | 1 2 |  2.2
Long Blades    | 2 3 4 5 |  5.4
Dodging        | 2 3 |  3.8
Charms         | 3 4 |  4.1
Shields        | 2 3 4 |  4.0
Invocations    | 1 4 7 8 |  8.4
Fighting       | 3 4 |  4.0
Spellcasting   | 3 |  3.9

Action                   |  1- 3 |  4- 6 |  7- 9 || total
-------------------------+-------+-------+-------++-------
Melee: Falchion          |    55 |   379 |   386 ||   820
       Kick              |       |   122 |   132 ||   254
 Cast: Infusion          |     4 |    13 |     7 ||    24
       Song of Slaying   |       |     4 |    16 ||    20
       Shroud of Golubri |       |       |     8 ||     8
Evoke: Wand              |       |       |    18 ||    18
       Deck              |       |       |    16 ||    16
  Use: Potion            |       |     4 |     3 ||     7
       Scroll            |       |       |     6 ||     6
 Stab: Sleeping          |       |     2 |       ||     2
       Paralysed         |       |       |    44 ||    44
  Eat: Chunk             |       |    11 |     1 ||    12
       Ration            |       |     1 |     5 ||     6
Armor: Leather armour    |     8 |       |       ||     8
       Robe              |       |    67 |    71 ||   138
       Skin              |       |       |     5 ||     5
       Steam dragon scal |       |       |     4 ||     4
Dodge: Dodged            |    35 |   225 |   257 ||   517
Block: Buckler           |       |       |   120 ||   120
       Rpst.: Falchion   |     8 |    66 |    67 ||   141

Table legend:
 A = Spawn XP
 B = Non-spawn XP
 C = Spawn XP percentage of total XP
 D = Spawn monster count
 E = Non-spawn monster count
 F = Spawn count percentage of total count
 G = Total turns spent on level
                    A         B        C        D         E        F      G
               +---------+---------+-------+---------+---------+-------+---------
         Total |       0 |    3491 |   0.0 |       0 |     181 |   0.0 | 10323
               +---------+---------+-------+---------+---------+-------+---------
           D:1 |       0 |      30 |   0.0 |       0 |      17 |   0.0 |   824
           D:2 |       0 |     354 |   0.0 |       0 |      28 |   0.0 |  2106
           D:3 |       0 |     248 |   0.0 |       0 |      35 |   0.0 |  1237
           D:4 |       0 |     331 |   0.0 |       0 |      16 |   0.0 |  2055
           D:5 |       0 |     596 |   0.0 |       0 |      47 |   0.0 |  2609
           D:6 |       0 |    1623 |   0.0 |       0 |      35 |   0.0 |   960
           D:9 |       0 |     309 |   0.0 |       0 |       3 |   0.0 |   519
               +---------+---------+-------+---------+---------+-------+---------
